 Dungeon Crawl Stone Soup version 0.31-a0-210-gccc998df9b (webtiles) character file.

Game seed: 3905044647763185477

6107 Dittersdorf the Blocker (level 10, 0/99 HPs)
             Began as a Gargoyle Fighter on June 29, 2023.
             Was an Elder of Okawaru.
             Slain by a death drake (shapeshifter) (3 damage)
             ... on level 8 of the Dungeon.
             The game lasted 00:10:01 (7865 turns).

Dittersdorf the Blocker (Gargoyle Fighter)          Turns: 7865, Time: 00:10:02

Health: 0/99       AC: 25    Str: 23 (24) XL:     10   Next: 89%
Magic:  10/10      EV:  2    Int:  8 (9)  God:    Okawaru [****..]
Gold:   241        SH:  6    Dex:  8 (9)  Spells: 7/9 levels left

rFire   + . .        s - +2 flail (holy)
rCold   + . .        c - +0 buckler
rNeg    + . .        q - melded +1 chain mail
rPois   ∞            (helmet currently unavailable)
rElec   +            y - melded +1 cloak {rCorr}
rCorr   +            (gloves currently unavailable)
SInv    .            r - melded +0 pair of boots
Will    .....        u - amulet of magic regeneration
Stlth   +            b - ring of wizardry
HPRegen 0.36/turn    z - +5 ring of evasion
MPRegen 0.52/turn

%: wizardry (x1)
@: brilliant, tree-form, resistant, on berserk cooldown, slowed, studying
Shields, very slow
A: stationary, stasis, torment immunity, boosted hp, sickness immunity, AC +7,
negative energy resistance 1, (electricity resistance), torment resistance 1,
petrification resistance
a: Renounce Religion, Heroism, Finesse


You were on level 8 of the Dungeon.
You worshipped Okawaru.
Okawaru was greatly pleased with you.
You were a tree.
You visited 2 branches of the dungeon, and saw 9 of its levels.

You collected 346 gold pieces.
You spent 105 gold pieces at shops.

Inventory:

Hand Weapons
 s - a +2 flail of holy wrath (weapon)
Missiles
 p - 40 poisoned darts (quivered)
Armour
 c - a +0 buckler (worn)
 q - a +1 chain mail (melded)
 r - a +0 pair of boots (melded)
 y - a +1 cloak of preservation (melded)
Jewellery
 b - a ring of wizardry (left branch)
 k - a ring of ice
 u - an amulet of magic regeneration (around neck)
 z - a +5 ring of evasion (right branch)
Wands
 w - a wand of flame (30)
Scrolls
 h - a scroll of enchant weapon
 j - 2 scrolls of teleportation
 x - a scroll of revelation
Potions
 d - 3 potions of might
 e - a potion of ambrosia
 f - a potion of lignification
 g - 3 potions of degeneration
 i - a potion of cancellation
 m - a potion of curing
 t - a potion of berserk rage
 v - 3 potions of mutation


   Skills:
 + Level 9.5 Fighting
 + Level 8.3 Maces & Flails
 + Level 9.5 Armour
 + Level 11.9 Shields


You had 7 spell levels left.
You knew the following spells:

 Your Spells              Type           Power      Damage    Failure   Level
a - Passwall              Tmut/Erth      0%         N/A       28%         2

Your spell library contained the following spells:

 Spells                   Type           Power      Damage    Failure   Level
 Sandblast                Erth           0%         2d4       19%         1
 Ignite Poison            Fire/Tmut/Pois 0%         N/A       47%         3
 Stone Arrow              Conj/Erth      0%         3d7       47%         3
 Freezing Cloud           Conj/Ice/Air   0%         6-21      99%         5
 Cigotuvi's Dreadful Rot  Necr/Pois/Air  Unusable   N/A       N/A         2

Dungeon Overview and Level Annotations

Branches:
Dungeon (8/15)             Temple (1/1) D:5            Lair (0/5) D:8

Altars:
Ashenzari
Cheibriados
Dithmenos
Gozag
Hepliaklqana
Kikubaaqudgha
Makhleb
Okawaru
Qazlal
Ru
Sif Muna
Trog
Uskayaw
Vehumet
Xom
Zin
The Shining One

Shops:
D:6 ?   D:7 [

Annotations:
D:5 3 runed translucent doors, ZoeForever1's ghost, novice DrTm


Innate Abilities, Weirdness & Mutations

You are a tree.
Your roots penetrate the ground, keeping you stationary.
You cannot be teleported.
You are immune to unholy pain and torment.
Your maximum health is greatly increased.
Your equipment is partially melded.
You are immune to sickness and miasma.
((Your stone body is resilient. (AC +7)))
You are immune to poison.
You resist negative energy. (rN+)
((You are resistant to electric shocks. (rElec)))
You are resistant to unholy torment.
You are immune to petrification.


Message History

The centaur warrior hits you but does no damage.
The centaur warrior kicks you.
* * * LOW HITPOINT WARNING * * *
The centaur warrior hits you but does no damage.
The centaur warrior kicks you but does no damage.
The air fills with toxic fumes!
As you read the scroll of poison, it crumbles to dust.
The centaur warrior hits you.
* * * LOW HITPOINT WARNING * * *
You block the centaur warrior's attack. x2
The centaur warrior kicks you but does no damage.
The centaur warrior hits you!
* * * LOW HITPOINT WARNING * * *
The centaur warrior barely misses you.
As you read the scroll of fear, it crumbles to dust.
You assume a fearsome visage.
The death drake resists with some effort.
The manticore looks frightened!
The centaur warrior looks frightened!
The centaur warrior yells at you, "GO AWAY!"
You cannot move.
The centaur warrior is engulfed in poison gas.
The centaur warrior is poisoned.
The manticore is engulfed in poison gas.
The manticore is poisoned.
The centaur warrior looks even sicker.
The manticore looks even sicker.
The centaur warrior is engulfed in poison gas.
The centaur warrior looks even sicker.
The death drake bites you but does no damage.
The manticore looks even sicker.
The death drake bites you but does no damage.
The death drake bites you but does no damage.
The death drake bites you.
* * * LOW HITPOINT WARNING * * *
The death drake bites you but does no damage. x2
The death drake bites you but does no damage. x2
The death drake bites you but does no damage. x2
You hit the death drake.
The death drake is lightly wounded.
The death drake bites you.
You die...

,*,*,,**,*,**,,,**.##.#
,*,,,**,,,##..$,,*#.#§#
,*,,**,,,,#?..),,,#.#°#
,*,**,,*,,#}[[⌠,,,#.§.#
,***,,**,,#°...,,,#§#.#
,,,,,****,*#○..,,##§#.#
**,,,,,***,*#§.,##.##.#
,**,*,*,**#○##.##§##..#
**,,*,*,,**#.§.k♣##,.##
*,*,*,*,*,*###§###,,.*
,,,,*,*,,,,*§○.,,,,#.*
****,*,****####***,*,*
,,,,***,,,,,,,,,,,,*,*
****,*,*************,*
,,,,*,*,,,,*,,,,,,,,,*
*,*,*,*,*,***,********
**,,*,*,,**,*,*


You could see a death drake.

Vanquished Creatures
  A hydra (D:8)
  A skeletal warrior (D:8)
  Pikel (D:5)
  Joseph (D:7)
  A hornet (shapeshifter) (D:7)
  Grinder (D:3)
  Sigmund (D:4)
  A steam dragon (D:7)
  Menkaure (D:5)
  Duvessa (D:4)
  An acid dragon (D:8)
  2 sky beasts (D:7)
  3 water moccasins (D:7)
  2 black bears (D:7)
  2 centaurs
  2 ice beasts
  An ogre (D:6)
  2 phantoms
  2 lemures (D:5)
  4 kobold brigands
  6 bullfrogs
  4 scorpions
  Dowan (D:4)
  5 howler monkeys
  Crazy Yiuf (D:6)
  3 hounds
  5 sleepcaps
  5 iguanas
  2 orc wizards (D:7)
  7 gnolls
  9 adders
  3 shadow imps (D:7)
  A white imp (D:8)
  3 ufetubi
  2 worms
  A dart slug (D:3)
  22 orcs
  3 endoplasms
  2 giant cockroaches
  10 goblins
  5 hobgoblins
  6 jackals
  5 quokkas
  8 ball pythons
  2 bats
  A frilled lizard (D:3)
  23 kobolds
  3 rats
179 creatures vanquished.

Notes
Turn   | Place    | Note
-------+----------+-------------------------------------------
     0 | D:1      | Dittersdorf the Gargoyle Fighter began the quest for the
                  | Orb.
     0 | D:1      | Reached XP level 1. HP: 14/14 MP: 1/1
   341 | D:1      | Reached XP level 2. HP: 17/19 MP: 2/2
   577 | D:1      | Reached XP level 3. HP: 23/23 MP: 3/3
  1227 | D:2      | Reached XP level 4. HP: 29/29 MP: 4/4
  1529 | D:2      | Reached skill level 4 in Shields
  1594 | D:2      | Reached XP level 5. HP: 27/33 MP: 5/5
  2118 | D:3      | Noticed Grinder
  2118 | D:3      | Paralysed by Grinder for 2 turns
  2134 | D:3      | Killed Grinder
  2135 | D:3      | Reached XP level 6. HP: 15/40 MP: 6/6
  2853 | D:4      | Learned a level 2 spell: Passwall
  2913 | D:4      | Found a stormy altar of Qazlal.
  3034 | D:4      | Reached skill level 5 in Armour
  3125 | D:4      | Noticed Sigmund
  3167 | D:4      | Reached skill level 5 in Shields
  3181 | D:4      | Killed Sigmund
  3182 | D:4      | Reached skill level 5 in Fighting
  3182 | D:4      | Reached XP level 7. HP: 16/44 MP: 7/7
  3764 | D:4      | Noticed Duvessa
  3764 | D:4      | Noticed Dowan
  3776 | D:4      | Killed Duvessa
  3792 | D:4      | Killed Dowan
  3793 | D:4      | Reached XP level 8. HP: 28/51 MP: 8/8
  3919 | D:5      | Entered Level 5 of the Dungeon
  3919 | D:5      | Found a burning altar of Makhleb.
  3968 | D:5      | Identified a scroll of acquirement
  3968 | D:5      | Acquired a manual of Shields
  4310 | D:5      | Reached skill level 6 in Shields
  4497 | D:5      | Noticed Pikel
  4517 | D:5      | Killed Pikel
  4518 | D:5      | Reached skill level 5 in Maces & Flails
  4518 | D:5      | Reached skill level 7 in Shields
  4590 | D:5      | Found a broken altar of Ashenzari.
  4600 | D:5      | Noticed Menkaure
  4607 | D:5      | Killed Menkaure
  4807 | D:5      | Found a runed translucent gate.
  4815 | D:5      | Found a runed translucent gate.
  4815 | D:5      | Noticed ZoeForever1's ghost (novice DrTm)
  4816 | D:5      | Found a runed translucent gate.
  4816 | D:5      | Identified the +0 hand axe of Earthquakes {freeze, rElec
                  | Int-5 SInv}
  4911 | D:5      | Found a staircase to the Ecumenical Temple.
  5068 | Temple   | Entered the Ecumenical Temple
  5090 | Temple   | Became a worshipper of Warmaster Okawaru
  5293 | D:6      | Found Hodyputy's Magic Scroll Emporium.
  5302 | D:6      | Bought a scroll of enchant weapon for 105 gold pieces
  5315 | D:6      | Reached XP level 9. HP: 56/57 MP: 9/9
  5322 | D:6      | Reached skill level 8 in Shields
  5778 | D:6      | Found a runed translucent door.
  5779 | D:6      | Noticed Crazy Yiuf
  5956 | D:6      | Killed Crazy Yiuf
  6045 | D:7      | Found Jihuachabbij's Armour Emporium.
  6140 | D:7      | Reached * piety under Okawaru
  6307 | D:7      | Reached skill level 9 in Shields
  6385 | D:7      | Noticed a hornet
  6397 | D:7      | Killed a hornet
  6397 | D:7      | Reached ** piety under Okawaru
  6417 | D:7      | Reached skill level 10 in Shields
  6515 | D:7      | Reached XP level 10. HP: 40/64 MP: 10/10
  6876 | D:7      | Noticed Joseph
  6901 | D:7      | Killed Joseph
  7110 | D:7      | Reached *** piety under Okawaru
  7111 | D:7      | Reached skill level 11 in Shields
  7547 | D:8      | Found a radiant altar of Vehumet.
  7772 | D:8      | Found a glowing golden altar of the Shining One.
  7827 | D:8      | Noticed a seven-headed hydra
  7827 | D:8      | Noticed a skeletal warrior
  7828 | D:8      | Noticed a centaur warrior
  7828 | D:8      | Noticed a manticore
  7837 | D:8      | Killed a seven-headed hydra
  7841 | D:8      | Killed a skeletal warrior
  7841 | D:8      | Reached **** piety under Okawaru
  7843 | D:8      | HP: 4/99 [manticore/volley of spikes (13)]
  7853 | D:8      | Noticed a death drake
  7857 | D:8      | HP: 3/99 [centaur warrior (8)]
  7861 | D:8      | HP: 1/99 [death drake (shapeshifter) (4)]
  7865 | D:8      | Slain by a death drake (shapeshifter)

Illustrated notes

Levels and vault maps discovered:
D:1:      nicolae_arrival_somewhat_less_tricky_arrival, layout_basic
D:2:      layout_loops_ring
D:3:      minmay_angry_zag, layout_basic, uniq_grinder
D:4:      layout_rooms, kennysheep_little_box,
          nicolae_concentric_dashed_squares_wild, corner_web_ring,
          kennysheep_generic_room_14, uniq_duvessa, uniq_sigmund
D:5:      layout_loops_cross, mainiacjoe_overflow_catch_the_wave,
          lemuel_temple_firewalk_b, biasface_ghost_orc_armoury, uniq_pikel,
          uniq_menkaure
D:6:      layout_rooms, serial_shops, shop, uniq_crazy_yiuf_cottage
D:7:      nzn_winding_woodlands_medium [nzn_winding_woodlands_5x5_checkerboard,
          nzn_winding_woodlands_5x15_twine, nzn_winding_woodlands_5x5_perimeter,
          nzn_winding_woodlands_5x5_open_star,
          nzn_winding_woodlands_center_garden, nzn_winding_woodlands_5x5_cross,
          nzn_winding_woodlands_5x5_default, nzn_winding_woodlands_5x15_pool,
          nzn_winding_woodlands_5x5_closed_star], layout_basic, serial_shops,
          shop_statue, uniq_joseph
D:8:      minmay_the_grid_octo_triangle [minmay_the_grid_octo_77,
          minmay_the_grid_octo_prize_big_c, minmay_the_grid_octo_clover],
          layout_loops_ring, vehumet_altar_wand_db,
          nicolae_tso_carved_into_rock, dpeg_oklobed_lair
Temple:   nicolae_temple_bog_church

Skill      XL: |  1  2  3  4  5  6  7  8  9 10 |
---------------+-------------------------------+-----
Armour         | 4 5 7 8 9 |  9.5
Shields        | 4 5 7 10 11 | 11.9
Fighting       | 4 5 7 8 9 |  9.5
Maces & Flails | 3 4 5 7 8 |  8.3

Action                     |  1- 3 |  4- 6 |  7- 9 | 10-12 || total
---------------------------+-------+-------+-------+-------++-------
  Melee: Flail             |   123 |   158 |   335 |   186 ||   802
  Throw: Dart              |       |    14 |     3 |       ||    17
 Invoke: Heroism           |       |       |       |     1 ||     1
    Use: Scroll            |       |       |    15 |     3 ||    18
         Potion            |       |       |       |     9 ||     9
 Armour: Scale mail        |    85 |    40 |       |       ||   125
         Chain mail        |       |    31 |   196 |   106 ||   333
         Skin              |       |       |       |    42 ||    42
  Dodge: Dodged            |    74 |    80 |   120 |   111 ||   385
  Block: Buckler           |    26 |    25 |    92 |    67 ||   210

Table legend: (Time is in decaauts)
 A = Elapsed time spent in this place.
 B = Non-inter-level travel time spent in this place.
 C = Inter-level travel time spent in this place.
 D = Time resting spent in this place.
 E = Time spent auto-exploring this place.
 F = Levels seen in this place.
 G = Mean time per level.
                   A        B        C        D        E       F      G
               +--------+--------+--------+--------+--------+-----+--------+
         Total |   8013 |   7454 |    559 |    791 |   4965 |   9 |  890.3 |
       Dungeon |   7976 |   7434 |    542 |    791 |   4953 |   8 |  997.0 |
        Temple |     36 |     20 |     16 |      0 |     12 |   1 |   36.0 |
               +--------+--------+--------+--------+--------+-----+--------+

Top non-repeatable levels by time:
     D:4: 1344 daAuts
     D:7: 1321 daAuts
     D:5: 1193 daAuts
     D:3: 1115 daAuts
     D:1: 1082 daAuts
     D:6: 846 daAuts
     D:2: 744 daAuts
     D:8: 328 daAuts
  Temple: 36 daAuts
